 Dungeon Crawl Stone Soup version 0.16.1-4-g8e1b745 (webtiles) character file.

755 TMix the Ruffian (level 7, -2/70 HPs)
             Began as a Troll Monk on Mar 28, 2015.
             Engulfed by a cloud of flame (13 damage)
             ... on level 5 of the Dungeon.
             The game lasted 00:20:21 (3301 turns).

TMix the Ruffian (Troll Monk)                       Turns: 3301, Time: 00:20:21

Health: -2/70      AC:  6    Str: 20    XL:     7   Next: 49%
Magic:  0/3        EV:  9    Int:  6    God:
Gold:   119        SH:  9    Dex: 14    Spells: 0 memorised, 6 levels left

rFire  . . .     SeeInvis .       - Unarmed
rCold  . . .     Clarity  .     r - +1 robe
rNeg   . . .     SustAb   .     o - +0 shield
rPois  .         Gourm    +     (helmet restricted)
rElec  .         Spirit   +     (no cloak)
rCorr  .         Warding  .     (gloves unavailable)
rMut   .         Stasis   .     (boots unavailable)
MR     .....                    g - amulet of guardian spirit
Stlth  ++........               (no ring)
                                (no ring)

@: not resistant to hostile enchantments, unstealthy
A: unfitting armour, claws 3, fast metabolism 3, gourmand, regeneration 2,
shaggy fur 1, tough skin 2
a: no special abilities


You were on level 5 of the Dungeon.
You were very full.

You visited 1 branch of the dungeon, and saw 5 of its levels.

You collected 119 gold pieces.

Inventory:

Hand weapons
 E - a +0 giant club
Armour
 a - a +0 robe
 o - a +0 shield (worn)
 r - a +1 robe (worn)
Jewellery
 c - a -3 ring of protection
 g - an amulet of guardian spirit (around neck)
 D - an uncursed ring of invisibility {unknown}
Magical devices
 y - a wand of magic darts (11)
 B - a wand of lightning (7)
Scrolls
 d - a scroll of fog
 l - 3 scrolls of immolation
 n - a scroll of identify
 x - a scroll of recharging
 A - 3 scrolls of teleportation {unknown}
 C - a scroll of magic mapping {unknown}
Potions
 e - 3 potions of brilliance
 h - 3 potions of curing {unknown}
 i - 2 potions of heal wounds
 j - 2 potions of lignification
 k - a potion of restore abilities {unknown}
 p - a potion of agility
 q - a potion of cancellation {unknown}
 t - 3 potions of poison {unknown}
 u - a potion of mutation {unknown}
 w - a potion of berserk rage {unknown}
 z - a potion of invisibility {unknown}
Comestibles
 b - 5 meat rations
 f - 8 bread rations
 m - a slice of pizza
 s - a beef jerky


   Skills:
 + Level 4.2 Fighting
 - Level 3.3 Dodging
 - Level 1.1 Stealth
 * Level 3.5 Shields
 + Level 6.3 Unarmed Combat


You had 6 spell levels left.
You didn't know any spells.

Dungeon Overview and Level Annotations

Branches:
Dungeon (5/15)
 Temple: D:4-7

Altars:
Dithmenos
Fedhas
Okawaru
Qazlal
Sif Muna
Trog
Vehumet
Zin


Innate Abilities, Weirdness & Mutations

You are too large for most types of armour.
You have claws for hands.
Your metabolism is lightning-fast.
You like to eat raw meat.
You heal very quickly.
You are covered in fur (AC +1).
You have very tough skin (AC +2).


Message History

You scratch the ice beast but do no damage.
The ice beast is severely wounded.
The ice beast hits you but does no damage.
You closely miss the ice beast.
The ice beast is severely wounded.
The ice beast hits you but does no damage.
You barely miss the ice beast.
The ice beast is severely wounded.
The ice beast hits you but does no damage.
You scratch the ice beast but do no damage.
The ice beast is severely wounded.
The ice beast hits you. The ice beast freezes you.
You scratch the ice beast!
The ice beast explodes!
The fiery explosion engulfs you!
Ouch! That really hurt!
You are engulfed in roaring flames.
* * * LOW HITPOINT WARNING * * *
You are engulfed in roaring flames.
You die...

#...P≈≈P....≈≈P.#
#.PP≈≈PP...≈P≈≈.#
#.PP♣≈P....#P≈P.#
#P.P≈PP....#P≈♣P#
#PPP≈.P.....≈≈≈P# ♣♣
#P≈≈.P......PP≈.# ♣♣≈≈≈
#≈≈P.##.......P≈#♣P≈P≈≈≈
#.#.###.......§§§≈♣♣≈♣≈≈
#...# #.......§@§≈≈≈≈≈≈≈
###. #.......§§#§≈≈P≈≈≈
#. #.........♣♣≈≈≈≈≈ .
##########≈≈♣≈≈≈≈
≈♣≈≈≈≈≈ ≈≈ ≈≈≈≈ ♣≈P ≈≈≈
P≈≈ ≈ ≈≈≈≈


There were no monsters in sight!

Vanquished Creatures
  Menkaure (D:4)
  An ice beast (D:5)
  An ogre (D:5)
  A big kobold (D:4)
  A crimson imp (D:5)
  A gnoll shaman (D:4)
  Natasha (thrice) (D:4)
  An iguana (D:4)
  An orc priest (D:3)
  A worker ant (D:4)
  Jessica (D:2)
  A worker ant zombie (D:5)
  3 gnolls (D:4)
  7 adders
  4 worms
  2 giant geckos
  An ooze (D:4)
  2 orcs (D:3)
  7 bats
  3 giant cockroaches
  11 hobgoblins
  8 kobolds
  3 quokkas
  2 ball pythons
  A giant gecko skeleton (D:5)
  7 giant newts
  8 goblins
  8 rats
91 creatures vanquished.

Notes
Turn   | Place    | Note
--------------------------------------------------------------
     0 | D:1      | TMix, the Troll Monk, began the quest for the Orb.
     0 | D:1      | Reached XP level 1. HP: 22/22 MP: 1/1
    74 | D:1      | Reached XP level 2. HP: 29/29 MP: 1/1
   625 | D:1      | Reached XP level 3. HP: 33/36 MP: 2/2
   776 | D:2      | Found a shadowy altar of Dithmenos.
   981 | D:2      | Noticed Jessica
   985 | D:2      | Killed Jessica
   985 | D:2      | Reached XP level 4. HP: 29/44 MP: 2/2
  1414 | D:3      | Found a blossoming altar of Fedhas.
  1540 | D:3      | Found a deep blue altar of Sif Muna.
  1653 | D:3      | Reached skill level 1 in Shields
  1685 | D:3      | Reached XP level 5. HP: 53/53 MP: 2/2
  1828 | D:3      | Found a bloodstained altar of Trog.
  1828 | D:3      | Found an iron altar of Okawaru.
  2012 | D:4      | Noticed Menkaure
  2020 | D:4      | Killed Menkaure
  2020 | D:4      | Reached skill level 5 in Unarmed Combat
  2029 | D:4      | Found a radiant altar of Vehumet.
  2049 | D:4      | Reached XP level 6. HP: 39/61 MP: 3/3
  2149 | D:4      | Noticed Natasha
  2159 | D:4      | Killed Natasha
  2323 | D:4      | Noticed Natasha
  2324 | D:4      | Killed Natasha
  2335 | D:4      | Found a stormy altar of Qazlal.
  2340 | D:4      | Noticed a water elemental
  2341 | D:4      | Noticed a fire elemental
  2341 | D:4      | Noticed an air elemental
  2394 | D:4      | Noticed Natasha
  2401 | D:4      | Killed Natasha
  2509 | D:4      | Reached XP level 7. HP: 57/68 MP: 3/3
  2690 | D:5      | Entered Level 5 of the Dungeon
  2833 | D:5      | Reached skill level 6 in Unarmed Combat
  2858 | D:5      | Found a glowing silver altar of Zin.
  3301 | D:5      | Engulfed by a cloud of flame

Action                   |  1- 3 |  4- 6 |  7- 9 || total
-------------------------+-------+-------+-------++-------
Melee: Unarmed           |    75 |   156 |    52 ||   283
  Use: Scroll            |       |     9 |     2 ||    11
 Stab: Sleeping          |     2 |     1 |     1 ||     4
  Eat: Chunk             |    13 |    16 |     6 ||    35
